 Dungeon Crawl Stone Soup version 0.25.1-8-g42b30a86e7 (webtiles) character file.

Game seed: 6203776620020571310

127 hawla the Magician (level 4, -2/33 HPs)
             Began as a Draconian Conjurer on Dec 4, 2020.
             Killed by divine providence
             ... invoked by an orc priest
              (17 damage)
             ... on level 3 of the Dungeon.
             The game lasted 00:05:31 (2515 turns).

hawla the Magician (Draconian Conjurer)             Turns: 2515, Time: 00:05:33

Health: -2/33      AC:  5    Str: 11    XL:     4   Next: 85%
Magic:  5/10       EV: 12    Int: 16    God:
Gold:   108        SH:  0    Dex: 11    Spells: 9/12 levels left

rFire    . . .     SeeInvis .   (no weapon)
rCold    . . .     Gourm    .   (no shield)
rNeg     . . .     Faith    .   (armour unavailable)
rPois    .         Spirit   .   (helmet restricted)
rElec    .         Reflect  .   (no cloak)
rCorr    .         Harm     .   (no gloves)
MR       +....                  (no boots)
Stlth    ++........             (no amulet)
HPRegen  0.11/turn              c - ring of protection from magic
MPRegen  0.12/turn              (no ring)

@: lethally poisoned (-2 -> -4), slowed, very slow
A: unfitting armour, cold-blooded, AC +5
a: no special abilities


You were on level 3 of the Dungeon.
You were not hungry.

You visited 1 branch of the dungeon, and saw 3 of its levels.

You collected 108 gold pieces.

Inventory:

Jewellery
 c - a ring of protection from magic (left hand)
 e - an uncursed ring of ice
Potions
 a - 3 potions of might {unknown}
 d - a potion of magic {unknown}
Comestibles
 b - 3 rations
 f - 4 chunks of flesh


   Skills:
 - Level 1.7 Dodging
 - Level 1.7 Stealth
 + Level 4.7 Spellcasting
 - Level 4.0 Conjurations


You had 9 spell levels left.
You knew the following spells:

 Your Spells              Type           Power        Failure   Level  Hunger
a - Magic Dart            Conj           ###.         3%          1    None
b - Searing Ray           Conj           ###...       4%          2    ##.....

Your spell library contained the following spells:

 Spells                   Type           Power        Failure   Level  Hunger
 Dazzling Flash           Conj/Hex       ##....       21%         3    ###....
 Fulminant Prism          Conj/Hex       ##........   56%         4    ####...
 Iskenderun's Mystic Bla  Conj/Tloc      ##......     56%         4    ####...


Dungeon Overview and Level Annotations

Branches:
Dungeon (3/15)

Altars:


Innate Abilities, Weirdness & Mutations

Your plain brown scales are hard. (AC +5)
You cannot fit into any form of body armour.
You are cold-blooded and may be slowed by cold attacks.


Message History

Casting: Searing Ray (safe; 4% risk of failure)
Confirm with . or Enter, or press ? or * to list all spells.
Aiming: Searing Ray (safe; 4% risk of failure)
Press: ? - help, Shift-Dir - straight line, f - orc priest
Aim: an orc priest, wielding a +2 trident of freezing and wearing a +0 chain mail The searing ray misses the orc priest. (Press . to maintain the ray.)
You hear the rusting of a very distant drain.
You hear a shout!
The orc priest hits you with a +2 trident of freezing.
You feel yourself slow down. The orc priest freezes you.
An orc comes into view. It is wielding a +0 short sword.
You hear a shout!
The searing ray hits the orc priest but does no damage.
You feel sick.
You hear a shout!
The orc priest calls down the wrath of Beogh upon you.
Beogh smites you!
Ouch! That really hurt!
You die...

#.#.######.####.# #.#.#
#.# #.# #.#.# #.# #.#
#######.#.######.## #.#
.>...............<###.##
.....$...#######.#......
.................#.##.##
#######'##.#######.##.#
#@# ... ...#.# #o#
##########.# o.# #.. ..#
#### #.# ##### #[# #....
##########.####.###
...................
.....##.##.##.#.### ...
#.......##.#.#


You could see an orc priest and an orc.

Vanquished Creatures
  Natasha (D:2)
  4 adders
  An ooze (D:1)
  A worm (D:2)
  A dart slug (D:2)
  2 leopard geckos
  3 giant cockroaches
  5 goblins
  4 hobgoblins
  5 jackals
  7 bats
  6 frilled lizards
  12 kobolds
  7 rats
59 creatures vanquished.

Notes
Turn   | Place    | Note
-------+----------+-------------------------------------------
     0 | D:1      | hawla the Draconian Conjurer began the quest for the Orb.
     0 | D:1      | Reached XP level 1. HP: 14/14 MP: 3/3
     6 | D:1      | Noticed a polar bear
     6 | D:1      | Noticed a hog
     7 | D:1      | Noticed an eight-headed hydra
   120 | D:1      | Reached XP level 2. HP: 16/20 MP: 0/5
   678 | D:1      | Reached XP level 3. HP: 26/26 MP: 4/7
   682 | D:1      | Learned a level 2 spell: Searing Ray
  1656 | D:2      | Found a faded altar of an unknown god.
  1831 | D:2      | Noticed Natasha
  1833 | D:2      | Killed Natasha
  1833 | D:2      | Reached XP level 4. HP: 33/33 MP: 7/10
  2515 | D:3      | Killed from afar by an orc priest

Illustrated notes

Levels and vault maps discovered:
D:1:      onia_arrival_zoo_common, layout_basic, grunt_decor_arrowhead,
          minmay_misc_feat_chi, minmay_misc_feat_doors
D:2:      layout_loops_cross, chequers_ecumenical_altar_simple_redux,
          uniq_natasha
D:3:      layout_basic, gup_sewer_entry_spiral, nicolae_underground_beach

Skill      XL: |  1  2  3 |
---------------+----------+-----
Spellcasting   | 3 4 |  4.7
Dodging        | |  1.7
Stealth        | |  1.7
Conjurations   | |  4.0

Action                   |  1- 3 |  4- 6 || total
-------------------------+-------+-------++-------
Melee: Unarmed           |    44 |     1 ||    45
       Tailslap          |     6 |     1 ||     7
 Cast: Magic Dart        |    56 |    19 ||    75
       Searing Ray       |     4 |    10 ||    14
  Use: Scroll            |     3 |     2 ||     5
  Eat: Chunk             |     3 |     2 ||     5
Armor: Skin              |    31 |     8 ||    39
Dodge: Dodged            |    70 |     9 ||    79
